 Dungeon Sprint DCSS version 0.17-a0-1718-g72dbe4d (webtiles) character file.

9474 Kidiri the Unseen (level 11, -3/39 (42) HPs)
             Began as a Spriggan Enchanter on Aug 25, 2015.
             Was the Champion of Dithmenos.
             Succumbed to a death drake's dark miasma
             ... in the Dungeon (Sprint III: "The Ten Rune Challenge").
             The game lasted 00:11:49 (2782 turns).

Kidiri the Unseen (Spriggan Enchanter)              Turns: 2782, Time: 00:11:49

HP:   -3/39 (42)    AC:  4    Str:  4    XL:     11   Next: 23%
MP:   18/29         EV: 33    Int: 16    God:    Dithmenos [******]
Gold: 32            SH:  0    Dex: 19    Spells: 13 memorised, 0 levels left

rFire  . . .     SeeInvis +     a - +1 dagger
rCold  + + .     Clarity  .     k - +2 robe {Archmagi}
rNeg   . . .     SustAt   .     (shield restricted)
rPois  .         Gourm    .     (helmet restricted)
rElec  .         Spirit   .     (no cloak)
rCorr  .         Warding  .     (gloves unavailable)
rMut   .         NoTele   +     (boots unavailable)
MR     +....                    (no amulet)
Stlth  ++++++++++               (no ring)
                                (no ring)

@: lethally poisoned (-3 -> -78), non-regenerating, diseased, slowed, wreathed
by umbra, quick, somewhat resistant to hostile enchantments, uncannily stealthy
A: unfitting armour, see invisible, cold resistance 2, dopey 1, herbivore 3,
speed 3, frail 1, slow metabolism 2, evolution 1
a: Shadow Step, Shadow Form, Renounce Religion


You were in the Dungeon.
You worshipped Dithmenos.
Dithmenos was exalted by your worship.
You were full.

You visited 1 branch You collected 32 gold pieces.

Inventory:

Hand weapons
 a - a +1 dagger (weapon)
Missiles
 c - 10 throwing nets (quivered)
Armour
 k - a +2 robe of the Archmagi (worn)
Scrolls
 j - a scroll of blinking
 l - a scroll of holy word
 n - 3 scrolls of remove curse
 r - a scroll of torment
 s - a scroll of fear {unknown}
Potions
 f - a potion of heal wounds
 g - a potion of haste
 h - 2 potions of magic
 p - 2 potions of cure mutation
 q - 2 potions of flight
 u - a potion of ambrosia {unknown}
 v - a potion of cancellation {unknown}
Books
 b - a book of the Warp

   Spells                             Type                      Level
   a - Recall                         Summoning/Translocation      3
   b - Gell's Gravitas                Hexes/Translocation          3
   c - Force Lance                    Conjuration/Translocation    4
   d - Phase Shift                    Translocation                5
   e - Warp Weapon                    Charms/Translocation         5
   f - Summon Forest                  Summoning/Translocation      5
Comestibles
 o - 31 royal jellies
 t - a fruit


   Skills:
 + Level 9.3 Short Blades
 * Level 16.1 Dodging
 * Level 17.5 Stealth
 * Level 13.9 Spellcasting
 + Level 6.0 Conjurations
 + Level 10.5 Hexes
 + Level 2.3 Translocations
 + Level 8.8 Transmutations
 + Level 6.6 Ice Magic
 + Level 6.3 Earth Magic
 - Level 2.8 Invocations


You couldn't memorise any spells.
You knew the following spells:

 Your Spells              Type           Power        Failure   Level  Hunger
a - Corona                Hex            ######.      1%          1    None
b - Ensorcelled Hibernat  Hex/Ice        ######       1%          2    None
c - Confuse               Hex            ######..     1%          3    None
d - Tukima's Dance        Hex            ######..     1%          3    None
e - Dazzling Spray        Conj/Hex       ######..     1%          3    None
f - Sandblast             Erth           #####.       1%          1    None
g - Stoneskin             Trmt/Erth      ######..     1%          2    None
h - Stone Arrow           Conj/Erth      #####.       1%          3    None
i - Passwall              Trmt/Erth      ######....   1%          3    None
j - Petrify               Trmt/Erth      ######..     2%          4    ##.....
k - Lee's Rapid Deconstr  Erth           #####.....   14%         5    ####...
l - Gell's Gravitas       Hex/Tloc       #####.....   1%          3    None
m - Force Lance           Conj/Tloc      #####...     12%         4    ##.....


Dungeon Overview and Level Annotations

Branches:
Dungeon (1/1)

Altars:
Cheibriados
Dithmenos
Elyvilon
Fedhas
Gozag
Kikubaaqudgha
Makhleb
Nemelex Xobeh
Okawaru
Qazlal
Ru
Sif Muna
Trog
Vehumet
Xom
Yredelemnul
Zin
The Shining One
Jiyva
Lugonu


Innate Abilities, Weirdness & Mutations

You are tiny and cannot use many weapons and most armour.
You have supernaturally acute eyesight.
You are a herbivore.
You cover ground extremely quickly.
You need consume almost no food.
Your flesh is very cold resistant.
You are dopey. (Int -2)
You are frail (-10% HP).
You evolve.


Message History

Aim: a death drake (black smoke, lightly wounded, umbra, chance to defeat MR: 61%)
You feel a surge of power!
The death drake resists with significant effort.
You feel sick. The death drake breathes miasma at you.
The foul vapour misses you.
You are engulfed in dark miasma.
You are lethally poisoned!
You feel your flesh rotting away!
You feel very sick.
You are engulfed in dark miasma.
You are more poisoned.
You feel your flesh rotting away!
You feel ill.
You feel yourself slow down.
You feel sick.
You are engulfed in dark miasma.
You are more poisoned.
You feel your flesh rotting away!
* * * LOW HITPOINT WARNING * * *
You emit a cloud of dark smoke.
* * * LOW HITPOINT WARNING * * *
You feel very sick. The death drake closely misses you.
You die...

....#___#_.+...#...#..#..##.)%...
▓▓▓▓▓▓▓▓▓▓▓▓▓▓▓▓▓▓▓▓▓▓▓▓▓▓▓▓▓#...
♣♣≈≈≈........≈≈≈...#...
+♣♣'♣≈≈≈≈≈≈≈≈≈≈≈≈♣♣P.'...
#.%♣♣♣♣♣♣♣♣♣♣♣♣♣♣♣♣PP#... #..♣♣
♣♣♣##+# ###'♣♣♣♣♣♣♣♣♣♣♣♣♣♣♣
♣♣♣♣.##..##≈≈≈≈≈≈.%#
♣...##.##@#§§≈≈≈..%#
♣♣.##%##§##§§§≈≈§####
♣..#.##.k.#§§§§.§§§§
♣♣.##.##.)#§§§+#####
♣♣.##.#####§§§# ♣.....##.§§§..#
########+######


There were no monsters in sight!

Vanquished Creatures
  Maud (D)
  Erolcha (D)
  2 hydras (D)
  A lindwurm (D)
  2 spiny frogs (D)
  A komodo dragon (D)
  A deep elf priest (D)
  3 wandering mushrooms (D)
  A queen bee (D)
  2 trapdoor spiders (D)
  4 redbacks (D)
  A shadow (D)
  A spatial vortex (D)
  2 hill giants (D)
  A necrophage (D)
  2 brain worms (D)
  3 two-headed ogres (D)
  A water elemental (D)
  A scorpion (D)
  32 killer bees (D)
  An electric eel (D)
  A jelly (D)
  Jessica (D)
  A necromancer (D)
  A wizard (D)
  3 humans (D)
  A kobold demonologist (D)
  2 oozes (D)
  A rat (D)
75 creatures vanquished.

Vanquished Creatures (others)
  2 draconian scorchers (D)
  A yaktaur (D)
  2 plants (D)
5 creatures vanquished.

Grand Total: 80 creatures vanquished

Notes
Turn   | Place    | Note
--------------------------------------------------------------
     0 | D        | Kidiri the Spriggan Enchanter began the quest for the Orb.
     0 | D        | Reached XP level 1. HP: 9/9 MP: 5/5
     9 | D        | Reached skill level 5 in Stealth
    11 | D        | Reached XP level 2. HP: 13/13 MP: 5/7
    39 | D        | Noticed Jessica
    43 | D        | Killed Jessica
    43 | D        | Reached skill level 5 in Dodging
    43 | D        | Reached skill level 6 in Stealth
    43 | D        | Reached XP level 3. HP: 16/16 MP: 8/10
    47 | D        | Learned a level 2 spell: Ensorcelled Hibernation
    51 | D        | Learned a level 3 spell: Confuse
    55 | D        | Learned a level 3 spell: Tukima's Dance
   194 | D        | Noticed a scorpion
   197 | D        | Killed a scorpion
   197 | D        | Reached skill level 7 in Stealth
   197 | D        | Reached skill level 5 in Spellcasting
   197 | D        | Reached skill level 1 in Ice Magic
   197 | D        | Reached XP level 4. HP: 21/21 MP: 10/12
   217 | D        | Killed a yaktaur
   242 | D        | Killed a white draconian scorcher
   242 | D        | Killed a white draconian scorcher
   319 | D        | Learned a level 3 spell: Dazzling Spray
   327 | D        | Reached skill level 8 in Stealth
   327 | D        | Reached skill level 5 in Hexes
   350 | D        | Gained mutation: Your flesh is cold resistant. [potion of mutation]
   350 | D        | Gained mutation: You are frail (-10% HP). [potion of mutation]
   351 | D        | Gained mutation: You are dopey. (Int -2) [potion of mutation]
   351 | D        | Gained mutation: You evolve. [potion of mutation]
   393 | D        | Noticed a water elemental
   395 | D        | Killed a water elemental
   395 | D        | Reached skill level 9 in Stealth
   395 | D        | Reached skill level 1 in Conjurations
   395 | D        | Reached XP level 5. HP: 21/21 MP: 15/15
   405 | D        | Noticed a jelly
   406 | D        | Noticed a shadow
   419 | D        | Found a stormy altar of Qazlal.
   421 | D        | Killed a jelly
   451 | D        | Killed a shadow
   451 | D        | Reached skill level 10 in Stealth
   451 | D        | Reached XP level 6. HP: 25/25 MP: 2/18
   557 | D        | Found a sacrificial altar of Ru.
   557 | D        | Found a burning altar of Makhleb.
   557 | D        | Found a viscous altar of Jiyva.
   557 | D        | Found a shimmering altar of Xom.
   557 | D        | Found a shadowy altar of Dithmenos.
   557 | D        | Found a sparkling altar of Nemelex Xobeh.
   557 | D        | Found a corrupted altar of Lugonu.
   557 | D        | Found an opulent altar of Gozag.
   557 | D        | Noticed a spatial vortex
   566 | D        | Became a worshipper of Dithmenos the Shadowed
   699 | D        | Killed a spatial vortex
   699 | D        | Reached skill level 5 in Short Blades
   699 | D        | Reached skill level 11 in Stealth
   699 | D        | Reached skill level 1 in Invocations
   894 | D        | Found a radiant altar of Vehumet.
   895 | D        | Found a deep blue altar of Sif Muna.
   895 | D        | Found an ancient bone altar of Kikubaaqudgha.
   895 | D        | Noticed a wizard
   896 | D        | Killed a wizard
   902 | D        | Reached skill level 10 in Dodging
   916 | D        | Learned a level 1 spell: Sandblast
   919 | D        | Learned a level 2 spell: Stoneskin
   923 | D        | Learned a level 3 spell: Stone Arrow
   927 | D        | Learned a level 3 spell: Passwall
   932 | D        | Found a glowing silver altar of Zin.
   933 | D        | Found a glowing golden altar of the Shining One.
   933 | D        | Found a white marble altar of Elyvilon.
   933 | D        | Noticed a deep elf priest
   935 | D        | Killed a deep elf priest
   935 | D        | Reached skill level 12 in Stealth
   935 | D        | Reached skill level 1 in Earth Magic
   935 | D        | Reached XP level 7. HP: 28/28 MP: 19/21
   946 | D        | Found an iron altar of Okawaru.
   947 | D        | Found a bloodstained altar of Trog.
   947 | D        | Noticed a human
   947 | D        | Noticed a human
   954 | D        | Killed a human
   967 | D        | Killed a human
   967 | D        | Acquired Dithmenos's first power
   967 | D        | Reached XP level 8. HP: 32/32 MP: 15/22
  1011 | D        | Found a snail-covered altar of Cheibriados.
  1011 | D        | Noticed a necrophage
  1012 | D        | Noticed a necromancer
  1015 | D        | Killed a necromancer
  1023 | D        | Killed a necrophage
  1023 | D        | Reached skill level 10 in Spellcasting
  1024 | D        | Found a basalt altar of Yredelemnul.
  1024 | D        | Found a blossoming altar of Fedhas.
  1039 | D        | Learned a level 4 spell: Petrify
  1148 | D        | Noticed a two-headed ogre
  1148 | D        | Noticed a two-headed ogre
  1152 | D        | Killed a two-headed ogre
  1155 | D        | Noticed a two-headed ogre
  1155 | D        | Killed a two-headed ogre
  1155 | D        | Acquired Dithmenos's second power
  1159 | D        | Killed a two-headed ogre
  1213 | D        | Noticed a hill giant
  1216 | D        | Killed a hill giant
  1216 | D        | Reached skill level 13 in Stealth
  1221 | D        | Gained mutation: Your flesh is very cold resistant. [evolution]
  1225 | D        | Noticed a hill giant
  1225 | D        | Noticed Erolcha
  1227 | D        | Killed Erolcha
  1227 | D        | Reached skill level 5 in Transmutations
  1227 | D        | Reached XP level 9. HP: 34/34 MP: 23/25
  1228 | D        | Killed a hill giant
  1228 | D        | Acquired Dithmenos's third power
  1228 | D        | Reached skill level 14 in Stealth
  1240 | D        | Learned a level 5 spell: Lee's Rapid Deconstruction
  1311 | D        | Noticed a redback
  1314 | D        | Noticed a trapdoor spider
  1320 | D        | Killed a trapdoor spider
  1496 | D        | Noticed a trapdoor spider
  1506 | D        | Killed a trapdoor spider
  1509 | D        | Killed a redback
  1509 | D        | Reached skill level 5 in Ice Magic
  1588 | D        | Noticed a killer bee
  1588 | D        | Noticed a killer bee
  1588 | D        | Noticed a killer bee
  1588 | D        | Noticed a killer bee
  1588 | D        | Noticed a killer bee
  1588 | D        | Noticed a killer bee
  1588 | D        | Noticed a killer bee
  1588 | D        | Noticed a killer bee
  1588 | D        | Noticed a killer bee
  1588 | D        | Noticed a killer bee
  1588 | D        | Noticed a killer bee
  1588 | D        | Noticed a killer bee
  1588 | D        | Noticed a killer bee
  1588 | D        | Noticed a killer bee
  1588 | D        | Noticed a killer bee
  1589 | D        | Noticed a killer bee
  1589 | D        | Noticed a killer bee
  1589 | D        | Noticed a killer bee
  1589 | D        | Noticed a killer bee
  1589 | D        | Noticed a killer bee
  1589 | D        | Noticed a killer bee
  1589 | D        | Noticed a killer bee
  1589 | D        | Noticed a killer bee
  1589 | D        | Noticed a killer bee
  1589 | D        | Noticed a killer bee
  1589 | D        | Noticed a queen bee
  1589 | D        | Noticed a killer bee
  1589 | D        | Noticed a killer bee
  1589 | D        | Noticed a killer bee
  1589 | D        | Noticed a killer bee
  1589 | D        | Noticed a killer bee
  1589 | D        | Noticed a killer bee
  1589 | D        | Noticed a killer bee
  1590 | D        | Killed a killer bee
  1595 | D        | Killed a killer bee
  1595 | D        | Acquired Dithmenos's fourth power
  1597 | D        | Killed a killer bee
  1599 | D        | Killed a killer bee
  1601 | D        | Killed a killer bee
  1603 | D        | Killed a killer bee
  1605 | D        | Killed a killer bee
  1607 | D        | Killed a killer bee
  1609 | D        | Killed a killer bee
  1611 | D        | Killed a killer bee
  1613 | D        | Killed a killer bee
  1615 | D        | Killed a killer bee
  1619 | D        | Killed a killer bee
  1760 | D        | Killed a killer bee
  2039 | D        | Killed a killer bee
  2039 | D        | Reached skill level 15 in Stealth
  2042 | D        | Killed a killer bee
  2045 | D        | Killed a killer bee
  2051 | D        | Killed a killer bee
  2053 | D        | Killed a killer bee
  2055 | D        | Killed a killer bee
  2057 | D        | Killed a killer bee
  2060 | D        | Killed a killer bee
  2321 | D        | Killed a killer bee
  2324 | D        | Killed a killer bee
  2326 | D        | Killed a killer bee
  2328 | D        | Killed a killer bee
  2330 | D        | Killed a killer bee
  2334 | D        | Killed a killer bee
  2334 | D        | Reached XP level 10. HP: 39/39 MP: 13/27
  2336 | D        | Killed a killer bee
  2338 | D        | Killed a killer bee
  2340 | D        | Killed a queen bee
  2354 | D        | Killed a killer bee
  2366 | D        | Killed a killer bee
  2563 | D        | Noticed a wandering mushroom
  2564 | D        | Noticed a wandering mushroom
  2564 | D        | Noticed a wandering mushroom
  2565 | D        | Killed a wandering mushroom
  2565 | D        | Reached skill level 5 in Conjurations
  2565 | D        | Reached skill level 5 in Earth Magic
  2567 | D        | Killed a wandering mushroom
  2568 | D        | Killed a wandering mushroom
  2609 | D        | Learned a level 3 spell: Gell's Gravitas
  2609 | D        | Noticed a spiny frog
  2609 | D        | Noticed a komodo dragon
  2609 | D        | Noticed a spiny frog
  2612 | D        | Killed a spiny frog
  2612 | D        | Reached skill level 16 in Stealth
  2614 | D        | Killed a spiny frog
  2617 | D        | Killed a komodo dragon
  2654 | D        | Noticed a redback
  2656 | D        | Killed a redback
  2656 | D        | Reached skill level 15 in Dodging
  2657 | D        | Noticed a brain worm
  2660 | D        | Killed a brain worm
  2663 | D        | Noticed a brain worm
  2665 | D        | Killed a brain worm
  2668 | D        | Noticed a lindwurm
  2670 | D        | Noticed a redback
  2671 | D        | Killed a lindwurm
  2671 | D        | Reached skill level 10 in Hexes
  2673 | D        | Killed a redback
  2678 | D        | Noticed a redback
  2679 | D        | Killed a redback
  2680 | D        | Noticed Maud
  2682 | D        | Killed Maud
  2682 | D        | Reached skill level 17 in Stealth
  2682 | D        | Reached XP level 11. HP: 42/42 MP: 29/29
  2748 | D        | Learned a level 4 spell: Force Lance
  2749 | D        | Noticed an electric eel
  2750 | D        | Noticed a seven-headed hydra
  2750 | D        | Noticed a six-headed hydra
  2752 | D        | Killed an electric eel
  2754 | D        | Killed a seven-headed hydra
  2754 | D        | Reached skill level 1 in Translocations
  2755 | D        | Killed a six-headed hydra
  2767 | D        | Noticed a death drake
  2782 | D        | Succumbed to a death drake's dark miasma

Vault maps used:
D:        dungeon_sprint_mu

Action                   |  1- 3 |  4- 6 |  7- 9 | 10-12 || total
-------------------------+-------+-------+-------+-------++-------
Melee: Dagger            |     5 |    19 |    66 |    24 ||   114
 Cast: Ensorcelled Hiber |       |     5 |    49 |    11 ||    65
       Dazzling Spray    |       |    15 |     9 |     1 ||    25
       Confuse           |       |       |     3 |     1 ||     4
Invok: Shadow Step       |       |       |     1 |     4 ||     5
  Use: Potion            |       |     3 |     1 |     1 ||     5
       Scroll            |       |     2 |       |       ||     2
 Stab: Sleeping          |     4 |     6 |    36 |    21 ||    67
       Confused          |       |       |     3 |       ||     3
       Invisible         |       |       |     2 |       ||     2
  Eat: Bread ration      |       |       |     1 |       ||     1
